 Dungeon Crawl Stone Soup version 0.31-a0-150-g89dc3ad700 (webtiles) character file.

Game seed: 10560723262105692664

12468 Anon1729 the Stickfighter (level 11, -4/104 HPs)
             Began as a Minotaur Monk on June 8, 2023.
             Was a High Priest of the Shining One.
             Slain by a death yak simulacrum (41 damage)
             ... in an ice cave.
             The game lasted 00:10:54 (9606 turns).

Anon1729 the Stickfighter (Minotaur Monk)           Turns: 9606, Time: 00:10:54

Health: -4/104     AC: 16    Str: 19    XL:     11   Next: 62%
Magic:  10/10      EV:  8    Int:  7    God:    the Shining One [*****.]
Gold:   558        SH:  0    Dex: 20    Spells: 10/10 levels left

rFire   . . .        n - +0 lajatang
rCold   . . .        (shield currently unavailable)
rNeg    + + .        i - +0 plate armour
rPois   .            (helmet restricted)
rElec   .            s - +0 cloak
rCorr   .            (no gloves)
SInv    +            (no boots)
Will    .....        (no amulet) Stlth
                     b - ring of see invisible
HPRegen 0.37/turn    k - +6 ring of dexterity
MPRegen 0.12/turn

%: no passive effects
@: glowing
A: horns 2, retaliatory headbutt
a: Renounce Religion, Divine Shield, Cleansing Flame, Summon Divine Warrior


You were in an ice cave.
You worshipped the Shining One.
The Shining One was extremely pleased with you.
You visited 1 branch of the dungeon, and saw 12 of its levels.
You also visited: Ice Cave.

You collected 558 gold pieces.

Inventory:

Hand Weapons
 a - a +0 hand axe
 n - a +0 lajatang (weapon)
Missiles
 y - 3 curare-tipped darts
 H - 3 throwing nets
Armour
 i - a +0 plate armour (worn)
 s - a +0 cloak (worn)
Jewellery
 b - a ring of see invisible (left hand)
 j - a ring of resist corrosion
 k - a +6 ring of dexterity (right hand)
Wands
 l - a wand of flame (22)
 m - a wand of paralysis (6)
 x - a wand of acid (6)
 F - a wand of roots (3)
 G - a wand of polymorph (3)
Scrolls
 w - a scroll of fear
 A - 2 scrolls of poison {unknown}
 B - 7 scrolls of teleportation
 C - a scroll of amnesia {unknown}
 D - a scroll of vulnerability {unknown}
 K - a scroll of blinking {unknown}
Potions
 c - a potion of ambrosia
 d - 2 potions of invisibility
 e - 3 potions of curing
 f - a potion of cancellation
 g - 2 potions of resistance {unknown}
 h - 2 potions of berserk rage
 o - 4 potions of heal wounds
 p - 2 potions of haste {unknown}
 q - a potion of magic {unknown}
 u - 3 potions of mutation {unknown}
 v - a potion of attraction {unknown}
 z - 2 potions of brilliance
 E - a potion of lignification {unknown}
 I - a potion of degeneration {unknown}
 J - a potion of enlightenment {unknown}


   Skills:
 + Level 11.8 Fighting
 - Level 4.7 Axes
 * Level 15.2 Staves
 + Level 11.2 Armour
 - Level 3.5 Dodging


You had 10 spell levels left.
You didn't know any spells.
Your spell library contained the following spells:

 Spells                   Type           Power      Damage    Failure   Level
 Magic Dart               Conj           0%         1d3       100%        1
 Call Imp                 Summ           0%         N/A       100%        2
 Dazzling Flash           Conj/Hex       0%         N/A       100%        3
 Ignite Poison            Fire/Tmut/Pois 0%         N/A       100%        3
 Mephitic Cloud           Conj/Pois/Air  0%         N/A       100%        3
 Tukima's Dance           Hex            0%         N/A       100%        3
 Passage of Golubria      Tloc           0%         N/A       100%        4
 Sticky Flame             Conj/Fire      0%         2d3       100%        4
 Agony                    Necr           0%         N/A       100%        5
 Alistair's Intoxication  Tmut/Pois      0%         N/A       100%        5
 Borgnjor's Vile Clutch   Necr/Erth      0%         N/A       100%        5
 Silence                  Hex/Air        0%         N/A       100%        5
 Yara's Violent Unravell  Hex/Tmut       0%         3d3       100%        5
 Eringya's Noxious Bog    Tmut/Pois      0%         N/A       100%        6
 Ignition                 Fire           0%         3d3       100%        8


Dungeon Overview and Level Annotations

Branches:
Dungeon (13/15)            Temple (0/1) D:5            Lair (0/5) D:10
    Orc (0/2) D:12          IceCv (1/1)
 Vaults: D:13-14

Altars:
Ashenzari
Cheibriados
Dithmenos
Fedhas
Hepliaklqana
Nemelex Xobeh
Trog
Wu Jian
Xom
Zin
The Shining One

Shops:
D:7 [

Annotations:
D:5 exclusion: 3 doors


Innate Abilities, Weirdness & Mutations

You have a pair of horns on your head.
You reflexively headbutt those who attack you in melee.


Message History

The elephant simulacrum struggles to escape constriction.
Aiming: Throw Flame
Press: ? - help, Shift-Dir - straight line, f - elephant simulacrum
Aim: an elephant simulacrum (moderately damaged, constricted by roots, haloed, 100% to hit)
You hear a sizzling sound!
The grasping roots constrict the elephant simulacrum, but do no damage.
The grasping roots constrict the death yak simulacrum.
The roots release their grip on the elephant simulacrum.
The death yak simulacrum escapes!
Aiming: Fastroot
Press: ? - help, Shift-Dir - straight line, f/p - elephant simulacrum
Aim: an elephant simulacrum (moderately damaged, haloed)
The roots erupt in riotous growth!
Roots grab the death yak simulacrum.
Roots grab the elephant simulacrum.
The grasping roots constrict the elephant simulacrum.
The grasping roots constrict the death yak simulacrum.
The death yak simulacrum escapes!
The elephant simulacrum struggles to escape constriction.
Aiming: Throw Flame
Press: ? - help, Shift-Dir - straight line, f/p - elephant simulacrum
Aim: an elephant simulacrum (moderately damaged, constricted by roots, haloed, 100% to hit)
The puff of flame hits the death yak simulacrum but does no damage.
The death yak simulacrum is moderately damaged.
The grasping roots constrict the elephant simulacrum.
The roots release their grip on the elephant simulacrum.
You slash the death yak simulacrum!
You headbutt the death yak simulacrum, but do no damage.
The death yak simulacrum is heavily damaged.
You hit the death yak simulacrum.
The death yak simulacrum is heavily damaged.
The death yak simulacrum gores you. The death yak simulacrum freezes you!!!
Activating: Cleansing Flame (80% risk of failure)
Press: ? - help, Dir - look around, f - activate You fail to use your ability.
Okay, then.
Unknown command.
As you read the scroll of summoning, it crumbles to dust.
Wisps of shadow whirl around you...
The shadows disperse without effect.
The death yak simulacrum gores you. The death yak simulacrum freezes you!!!
You die...

..... ...
... ...
##.##
##...##
##..ZZ.##
#...@...#
#.......#
#.......#
#...∩...#
#.......#
#########


You could see a death yak simulacrum and an elephant simulacrum.

Vanquished Creatures
  Erica (D:8)
  2 boulder beetles (D:12)
  A tengu warrior (D:10)
  2 two-headed ogres (D:9)
  Maurice (D:8)
  A komodo dragon (D:10)
  2 trolls
  6 slime creatures (D:10)
  2 shadows
  A wyvern (D:8)
  14 yaks
  A wraith (D:9)
  2 steam dragons (D:8)
  A water moccasin (D:8)
  5 orc warriors
  2 black bears
  4 centaurs
  An ogre (D:5)
  A phantom (D:5)
  7 kobold brigands
  5 bullfrogs
  A gnoll sergeant (D:9)
  A scorpion (D:3)
  A cane toad simulacrum (IceCv)
  6 wights
  9 killer bees
  A howler monkey (D:7)
  2 hounds
  2 orc priests
  Crazy Yiuf (D:3)
  2 gnoll boudas
  5 iguanas
  Natasha (thrice) (D:2)
  7 orc wizards
  A wolf simulacrum (IceCv)
  27 gnolls
  5 adders
  2 shadow imps
  14 white imps
  2 ufetubi
  3 dart slugs
  17 orcs
  4 bats
  6 endoplasms
  A giant cockroach (D:4)
  4 goblins
  7 hobgoblins
  3 jackals (D:1)
  6 quokkas
  9 ball pythons
  4 frilled lizards
  46 kobolds
  7 rats
271 creatures vanquished.

Vanquished Creatures (others)
  A kobold demonologist (D:10)
  2 kobold brigands (D:10)
  3 kobolds (D:10)
6 creatures vanquished.

Grand Total: 277 creatures vanquished

Notes
Turn   | Place    | Note
-------+----------+-------------------------------------------
     0 | D:1      | Anon1729 the Minotaur Monk began the quest for the Orb.
     0 | D:1      | Reached XP level 1. HP: 19/19 MP: 0/0
   144 | D:1      | Reached XP level 2. HP: 20/27 MP: 1/1
   145 | D:1      | Reached skill level 1 in Armour
   653 | D:2      | Reached XP level 3. HP: 33/33 MP: 2/2
   676 | D:2      | Noticed Natasha
   681 | D:2      | Killed Natasha
   850 | D:2      | Reached XP level 4. HP: 37/40 MP: 3/3
   942 | D:2      | Reached skill level 1 in Staves
  1090 | D:2      | Noticed Natasha
  1101 | D:2      | Killed Natasha
  1211 | D:2      | Noticed Natasha
  1215 | D:2      | Killed Natasha
  1216 | D:2      | Reached skill level 2 in Staves
  1216 | D:2      | Reached XP level 5. HP: 47/47 MP: 4/4
  1371 | D:3      | Reached skill level 3 in Staves
  1426 | D:3      | Reached skill level 5 in Fighting
  1736 | D:3      | Found a faded altar of an unknown god.
  1741 | D:3      | Found a sparkling altar of Nemelex Xobeh.
  1749 | D:3      | Prayed at the altar of an unknown god.
  1749 | D:3      | Became a worshipper of the Shining One
  1749 | D:3      | Reached * piety under the Shining One
  1749 | D:3      | Reached ** piety under the Shining One
  1784 | D:3      | Noticed a black bear
  1789 | D:3      | Killed a black bear
  1790 | D:3      | Reached skill level 4 in Staves
  1790 | D:3      | Reached XP level 6. HP: 52/56 MP: 5/5
  1919 | D:3      | Found a runed translucent door.
  1920 | D:3      | Noticed Crazy Yiuf
  1928 | D:3      | Killed Crazy Yiuf
  2257 | D:3      | Reached *** piety under the Shining One
  2466 | D:4      | Reached skill level 5 in Staves
  2466 | D:4      | Reached XP level 7. HP: 46/62 MP: 6/6
  3123 | D:5      | Entered Level 5 of the Dungeon
  3257 | D:5      | HP: 1/62 [gnoll/+0 halberd[a gnoll bouda] (10)]
  3854 | D:5      | Reached skill level 6 in Staves
  4007 | D:5      | Found a staircase to the Ecumenical Temple.
  4028 | D:5      | Reached skill level 5 in Armour
  4253 | D:5      | Reached XP level 8. HP: 60/71 MP: 7/7
  4300 | D:5      | Reached skill level 7 in Staves
  4326 | D:5      | Noticed a slime creature
  4580 | D:6      | Reached skill level 8 in Staves
  4621 | D:6      | Found a blossoming altar of Fedhas.
  4962 | D:7      | Identified the +0 long sword of the Quiescent God {drain,
                  | Will+ Str+4}
  5152 | D:7      | Reached skill level 9 in Staves
  5164 | D:7      | Found a snail-covered altar of Cheibriados.
  5166 | D:7      | Found a broken altar of Ashenzari.
  5179 | D:7      | Reached XP level 9. HP: 66/81 MP: 8/8
  5205 | D:7      | Found a glowing golden altar of the Shining One.
  5205 | D:7      | Found a shadowy altar of Dithmenos.
  5207 | D:7      | Found an ornate altar of the Wu Jian Council.
  5486 | D:7      | Found a bloodstained altar of Trog.
  5660 | D:7      | Identified the +6 war axe "Vojiw" {vamp, rN+ Will+}
  5758 | D:7      | Found Doitocat's Antique Armour Shoppe.
  5892 | D:8      | Reached skill level 10 in Staves
  6065 | D:8      | Reached **** piety under the Shining One
  6080 | D:8      | Reached skill level 11 in Staves
  6281 | D:8      | Noticed Maurice
  6291 | D:8      | Killed Maurice
  6292 | D:8      | Reached XP level 10. HP: 86/91 MP: 9/9
  6815 | D:8      | Noticed Erica
  6832 | D:8      | Killed Erica
  6833 | D:8      | Reached skill level 12 in Staves
  7250 | D:9      | Reached skill level 10 in Fighting
  7361 | D:9      | Noticed a two-headed ogre
  7368 | D:9      | Killed a two-headed ogre
  7369 | D:9      | Reached skill level 13 in Staves
  8188 | D:9      | Found a hazy altar of Hepliaklqana.
  8330 | D:10     | Entered Level 10 of the Dungeon
  8355 | D:10     | Noticed a two-headed ogre
  8356 | D:10     | Noticed a tengu warrior
  8380 | D:9      | Killed a two-headed ogre
  8381 | D:9      | Reached skill level 10 in Armour
  8440 | D:10     | Killed a tengu warrior
  8441 | D:10     | Reached XP level 11. HP: 67/101 MP: 10/10
  8670 | D:10     | Found a staircase to the Lair.
  8676 | D:10     | Reached skill level 14 in Staves
  9468 | D:10     | Found a shimmering altar of Xom.
  9468 | D:10     | Found a glowing silver altar of Zin.
  9468 | D:10     | Noticed an angel
  9468 | D:10     | Reached ***** piety under the Shining One
  9471 | D:10     | You fall into a shaft and drop 3 floors!
  9487 | D:12     | Found a frozen archway.
  9487 | D:12     | Noticed a boulder beetle
  9510 | D:12     | Killed a boulder beetle
  9523 | D:12     | Noticed a boulder beetle
  9541 | D:12     | Killed a boulder beetle
  9542 | D:12     | Reached skill level 15 in Staves
  9593 | IceCv    | Entered an ice cave
  9606 | IceCv    | Slain by a death yak simulacrum

Illustrated notes

Levels and vault maps discovered:
D:1:      eino_arrival_water_star, layout_basic, chequers_serial_rivers_large_a
D:2:      layout_rooms, lexackson_kobold_supper, uniq_natasha
D:3:      layout_basic, nicolae_overflow_ecumenical_swirl,
          uniq_crazy_yiuf_cottage
D:4:      layout_cave_pods
D:5:      cheibrodos_fertilizer, layout_cave_pods, minmay_temple_entry_trees
D:6:      layout_cave_pools, mainiacjoe_overflow_alcove_1
D:7:      kennysheep_kobold_camp, layout_basic, mainiacjoe_overflow_alcove_4,
          grunt_temple_overflow_open, serial_shops,
          nicolae_shop_temple_entry_statues_fountains
D:8:      layout_loops_cross, uniq_maurice, uniq_erica
D:9:      layout_stronghold, nzn_hepliaklqana_mist_gate
D:10:     dreamdust_cave_troll, layout_stronghold,
          grunt_temple_overflow_order_and_chaos_1,
          nicolae_gozag_cash_rules_everything_around_me, david_lair_shrubbed,
          serial_demonic, serial_demonic_e, serial_demonic_e, serial_demonic_c,
          serial_demonic_b, minmay_chambers_of_fives
D:12:     minmay_the_grid_four_pointed_star_mashed
          [minmay_the_grid_triangle_9x9_thin_v,
          minmay_the_grid_triangle_9x9_intruding_spiral,
          minmay_the_grid_triangle_9x9_impossible_snake,
          minmay_the_grid_triangle_9x9_empty,
          minmay_the_grid_prize_four_corners], layout_basic, orc_0_dummy,
          serial_ice, serial_ice_f, serial_ice_i, serial_ice_a, serial_ice_b,
          portal_ice_cave_entry_imps, minmay_increasing_density
D:13:     layout_loops_ring
IceCv:    ice_cave_statue_garden_chambered

Skill      XL: |  1  2  3  4  5  6  7  8  9 10 11 |
---------------+----------------------------------+-----
Armour         | 1 2 3 4 5 6 8 10 11 | 11.2
Axes           | 4 |  4.7
Fighting       | 4 5 6 7 9 10 11 | 11.8
Staves         | 2 4 5 6 9 11 13 15 | 15.2
Dodging        | |  3.5

Action                     |  1- 3 |  4- 6 |  7- 9 | 10-12 || total
---------------------------+-------+-------+-------+-------++-------
  Melee: Hand axe          |    56 |    18 |       |       ||    74
         Headbutt          |     9 |    21 |    61 |    64 ||   155
         Lajatang          |       |   104 |   247 |   194 ||   545
  Throw: Dart              |       |       |       |     3 ||     3
  Evoke: Wand              |       |       |     4 |    10 ||    14
    Use: Scroll            |       |       |    12 |     3 ||    15
         Potion            |       |       |     2 |     1 ||     3
 Armour: Robe              |     5 |       |       |       ||     5
         Plate armour      |    26 |   105 |   160 |    79 ||   370
  Dodge: Dodged            |    29 |    46 |   107 |    58 ||   240

Table legend: (Time is in decaauts)
 A = Elapsed time spent in this place.
 B = Non-inter-level travel time spent in this place.
 C = Inter-level travel time spent in this place.
 D = Time resting spent in this place.
 E = Time spent auto-exploring this place.
 F = Levels seen in this place.
 G = Mean time per level.
                   A        B        C        D        E       F      G
               +--------+--------+--------+--------+--------+-----+--------+
         Total |   9614 |   9356 |    258 |   1104 |   6742 |  13 |  739.5 |
       Dungeon |   9602 |   9344 |    258 |   1104 |   6742 |  12 |  800.2 |
      Ice Cave |     11 |     11 |      0 |      0 |      0 |   1 |   11.0 |
               +--------+--------+--------+--------+--------+-----+--------+

Top non-repeatable levels by time:
     D:9: 1337 daAuts
     D:3: 1171 daAuts
     D:5: 1165 daAuts
     D:8: 1162 daAuts
    D:10: 1061 daAuts
     D:4: 925 daAuts
     D:7: 857 daAuts
     D:2: 709 daAuts
     D:1: 602 daAuts
     D:6: 497 daAuts
    D:12: 102 daAuts
   IceCv: 11 daAuts
    D:13: 9 daAuts
